 Dungeon Crawl Stone Soup version 0.27.0-1-g7a089689b8 (webtiles) character file.

Game seed: 7047263868595309184

749 sanka the Skirmisher (level 7, -2/74 HPs)
             Began as an Ogre Enchanter on Aug 13, 2021.
             Slain by Grinder (4 damage)
             ... on level 5 of the Dungeon.
             The game lasted 00:10:38 (7338 turns).

sanka the Skirmisher (Ogre Enchanter)               Turns: 7338, Time: 00:10:39

Health: -2/74      AC:  8    Str: 15    XL:     7   Next: 77%
Magic:  12/13      EV:  9    Int: 16    God:
Gold:   132        SH:  0    Dex:  9    Spells: 12/16 levels left

rFire    . . .     SeeInvis .   a - +0 giant spiked club
rCold    . . .     Faith    .   (shield currently unavailable)
rNeg     . . .     Spirit   .   b - +0 robe
rPois    +         Reflect  .   (helmet restricted)
rElec    .         Harm     .   c - +2 cloak
rCorr    .         Rampage  .   (gloves unavailable)
Will     +....                  (boots unavailable)
Stlth    ++........             (no amulet)
HPRegen  0.22/turn              i - ring of willpower
MPRegen  0.13/turn              h - ring of poison resistance

@: no status effects
A: large, unfitting armour, tough skin 1, antennae 1, iridescent scales 1, low
mp 1
a: no special abilities


You were on level 5 of the Dungeon.
You visited 1 branch of the dungeon, and saw 5 of its levels.

You collected 132 gold pieces.


Innate Abilities, Weirdness & Mutations

You are too large for most types of armour.
You have tough skin. (AC +1)
You have a pair of small antennae on your head.
You are partially covered in iridescent scales. (AC +2)
Your magical capacity is low. (-10% MP)


   Skills:
 + Level 5.6 Fighting
 - Level 0.8 Short Blades
 * Level 2.8 Maces & Flails
 - Level 1.7 Dodging
 - Level 2.1 Stealth
 - Level 5.0 Spellcasting
 - Level 5.0 Hexes


You had 12 spell levels left.
You knew the following spells:

 Your Spells              Type           Power      Damage    Failure   Level
X - Confusing Touch       Hex            20%        N/A       6%          3
Z - Corona                Hex            22%        N/A       1%          1

Your spell library contained the following spells:

 Spells                   Type           Power      Damage    Failure   Level
 Tukima's Dance           Hex            20%        N/A       6%          3
 Ensorcelled Hibernation  Hex/Ice        24%        N/A       9%          2
 Dazzling Flash           Conj/Hex       24%        N/A       16%         3
 Conjure Flame            Conj/Fire      4%         6-21      41%         3
 Sticky Flame             Conj/Fire      4%         2d3       83%         4
 Fire Storm               Conj/Fire      2%         8d1       100%        9

Inventory:

Hand Weapons
 a - a +0 giant spiked club (weapon)
 o - a +2 dagger of speed
 v - a +3 mace of holy wrath
Missiles
 t - a throwing net {=f}
 u - 12 poisoned darts
Armour
 b - a +0 robe (worn)
 c - a +2 cloak (worn)
Magical Staves
 k - a staff of air
Jewellery
 h - a ring of poison resistance (right hand)
 i - a ring of willpower (left hand)
Scrolls
 d - a scroll of noise {unknown}
 e - a scroll of torment {!r}
 f - a scroll of identify {unknown}
 g - a scroll of amnesia {unknown}
 j - a scroll of enchant armour {unknown}
 l - a scroll of teleportation {@r4}
 n - a scroll of magic mapping {unknown}
 p - a scroll of fear
Potions
 m - a potion of cancellation {unknown}
 q - a potion of magic {unknown}
 r - a potion of heal wounds {unknown}
 s - a potion of curing {unknown}

Dungeon Overview and Level Annotations

Branches:
Dungeon (5/15)
 Temple: D:4-7

Altars:
Wu Jian

Shops:
D:1 !

Annotations:
D:5 Grinder

....▒▒...▒▒........▒.....▒▒▒
..........................▒▒
.▒.....>..▒▒..▒...▒▒▒▒▒....▒
▒..........▒.▒...▒▒ ▒..▒▒▒
........▒▒.)▒......▒▒▒▒..▒..
.▒▒.....▒▒.........▒▒.......
▒......▒.▒▒...▒▒...▒..▒▒▒▒.
...▒.▒▒...▒▒▒.....).....▒.▒.
...▒▒ ▒....O{.....▒▒........
▒...5▒▒.▒▒.▒▒▒▒....<..
▒......)......▒ ▒.o....▒
........▒..▒▒..........▒▒
▒.▒.▒...▒▒...▒▒.......... ▒
▒▒▒▒...................
▒........▒.▒▒▒......
.......o▒▒▒▒ ▒......
...▒.▒▒.. .......


You could see Grinder (strong).


Message History

Grinder hits you!
You writhe in agony.
Unknown command.
You barely miss Grinder. Grinder hits you.
You writhe in agony.
You barely miss Grinder.
Your hands stop glowing.
Grinder hits you!
* * * LOW HITPOINT WARNING * * *
You writhe in agony.
* * * LOW HITPOINT WARNING * * *
You hear some strange, mumbled words.
A magic dart appears from out of thin air!
The magic dart hits you.
* * * LOW HITPOINT WARNING * * *
Grinder hits you but does no damage.
Grinder blinks!
Found a silvery potion.
You hear some strange, mumbled words.
A puff of flame appears from out of thin air!
The puff of flame hits you!
* * * LOW HITPOINT WARNING * * *
Grinder hits you!
* * * LOW HITPOINT WARNING * * *
You writhe in agony.
* * * LOW HITPOINT WARNING * * *
There is a stone staircase leading up, spattered with blood here.
Grinder hits you.
You die...

Action                   |  1- 3 |  4- 6 |  7- 9 || total
-------------------------+-------+-------+-------++-------
Melee: Dagger            |   205 |    99 |       ||   304
       Mace              |       |   182 |    86 ||   268
       Giant spiked club |       |       |    32 ||    32
 Cast: Confusing Touch   |       |    25 |     7 ||    32
  Use: Potion            |       |     3 |       ||     3
       Scroll            |       |       |     3 ||     3
 Stab: Sleeping          |     2 |       |     1 ||     3
       Confused          |       |     9 |     5 ||    14
Armor: Robe              |    98 |   110 |    45 ||   253
Dodge: Dodged            |    88 |   133 |    58 ||   279

Levels and vault maps discovered:
D:1:      ebering_trefoil_3fold, layout_basic, serial_shops, shop,
          kennysheep_crisscross, minmay_heptomino_o4
D:2:      layout_basic, basic_altar
D:3:      layout_basic, uniq_ijyb
D:4:      layout_basic, minmay_rat_hole, uniq_menkaure
D:5:      layout_cave_pools, uniq_grinder

Notes
Turn   | Place    | Note
-------+----------+-------------------------------------------
     0 | D:1      | sanka the Ogre Enchanter began the quest for the Orb.
     0 | D:1      | Reached XP level 1. HP: 16/16 MP: 3/3
    33 | D:1      | Found Weomnetu's Distillery.
    41 | D:1      | Reached skill level 1 in Fighting
   178 | D:1      | Reached skill level 2 in Fighting
   252 | D:1      | Reached XP level 2. HP: 28/28 MP: 5/5
   503 | D:1      | Reached skill level 3 in Fighting
   853 | D:1      | Reached XP level 3. HP: 37/37 MP: 6/6
  1075 | D:1      | Learned a level 3 spell: Confusing Touch
  1922 | D:2      | Reached skill level 4 in Fighting
  2062 | D:2      | Reached XP level 4. HP: 48/48 MP: 8/8
  2069 | D:2      | Found an ornate altar of the Wu Jian Council.
  2530 | D:3      | Reached skill level 3 in Hexes
  2761 | D:3      | Reached skill level 3 in Spellcasting
  2774 | D:3      | Noticed Ijyb
  2999 | D:2      | HP: 4/48 [orc (4)]
  3514 | D:3      | Reached XP level 5. HP: 35/54 MP: 4/10
  3721 | D:3      | Paralysed by Ijyb for 2 turns
  3732 | D:3      | Gained mutation: Your magical capacity is low. (-10% MP)
                  | [potion of mutation]
  3732 | D:3      | Gained mutation: You have a pair of small antennae on your
                  | head. [potion of mutation]
  3732 | D:3      | Gained mutation: You are partially covered in iridescent
                  | scales. (AC +2) [potion of mutation]
  3991 | D:2      | Paralysed by Ijyb for 2 turns
  4003 | D:2      | Killed Ijyb
  4132 | D:3      | Reached skill level 4 in Spellcasting
  4696 | D:4      | Reached skill level 4 in Hexes
  4696 | D:4      | Reached XP level 6. HP: 45/62 MP: 7/11
  5259 | D:4      | Noticed Menkaure
  5281 | D:4      | Killed Menkaure
  5282 | D:4      | Reached skill level 5 in Spellcasting
  5507 | D:4      | Reached skill level 5 in Hexes
  5525 | D:4      | Got Keubae's Guide on the Blaze
  5592 | D:4      | Reached XP level 7. HP: 40/70 MP: 8/13
  5766 | D:4      | Reached skill level 1 in Maces & Flails
  6501 | D:4      | Reached skill level 5 in Fighting
  6501 | D:4      | Reached skill level 2 in Maces & Flails
  6724 | D:5      | Entered Level 5 of the Dungeon
  7304 | D:5      | Noticed Grinder
  7320 | D:5      | Paralysed by Grinder for 5 turns
  7337 | D:5      | HP: 2/74 [Grinder (10)]
  7338 | D:5      | Slain by Grinder

Vanquished Creatures
  Menkaure (D:4)
  2 ogres
  A bullfrog (D:4)
  A howler monkey (D:4)
  A gnoll shaman (D:4)
  A bullfrog skeleton (D:5)
  An orc priest (D:3)
  An orc wizard (D:4)
  Ijyb (D:2)
  11 gnolls
  3 adders
  A worm (D:2)
  An adder skeleton (D:4)
  A dart slug (D:1)
  10 orcs
  10 ball pythons
  8 bats
  4 endoplasms
  3 giant cockroaches
  7 goblins
  9 hobgoblins
  8 jackals
  4 quokkas
  2 frilled lizards
  5 kobolds
  26 rats
123 creatures vanquished.
